Map: Magannatha LE

Players

SubN

  • Race: Zerg Zerg
  • League: Diamond
  • Spawn Location: 5:00

llllllllllll - Winner!

  • Race: Terran Terran
  • League: Diamond
  • Spawn Location: 11:00

VOD

Have the link to the VOD?

Description

Time

  • Played on: July 31, 2025, 1:02 p.m.
  • Length: 13:14
Show
View Real Time Build Order
Export as new Build Order

SubN Zerg 

Build Orders: Hatch First 

Get SALT Encoding   

  12  0:00  Drone  
  13  0:10  Drone  
  14  0:14  Extractor  
  14  0:15  Drone  
  15  0:21  Overlord  
  15  0:43  Hatchery  
  15  0:47  Drone  
  15  0:50  Drone  
  15  0:53  Drone  
  17  1:02  Drone  
  18  1:09  Extractor  
  17  1:17  Spawning Pool  
  16  1:25  Drone x2  
  16  1:30  Drone  
  19  2:04  Zergling x4  
  19  2:06  Queen x2  
  25  2:13  Drone x3  
  28  2:25  Overlord  
  28  2:44  Zergling x2, Spine Crawler  
  28  2:45  Zergling x8  
  31  2:59  Metabolic Boost  
  31  3:01  Spine Crawler  
  29  3:16  Overlord x3  
  29  3:33  Queen  
  31  3:34  Hatchery  
  31  3:35  Drone x2  
  31  3:36  Drone  
  32  3:55  Spine Crawler  
  32  4:02  Queen  
  29  4:17  Queen  
  29  4:19  Drone x6  
  37  4:30  Drone  
  38  4:32  Drone x5  
  43  4:48  Roach Warren  
  42  4:56  Drone  
  43  5:09  Spine Crawler  
  43  5:13  Queen  
  43  5:14  Drone x6  
  45  5:15  Spine Crawler  
  45  5:18  Extractor  
  48  5:21  Lair  
  48  5:33  Roach  
  40  6:02  Roach x3  
  40  6:03  Roach  
  48  6:06  Overlord  
  48  6:07  Overlord x2  
  48  6:23  Drone x2  
  48  6:25  Overlord  
  50  6:26  Drone x6  
  56  6:34  Drone x2  
  56  6:35  Glial Reconstitution  
  58  6:50  Ravager  
  59  6:58  Drone x10  
  69  7:03  Drone  
  70  7:10  Drone x2  
  72  7:20  Drone  
  72  7:21  Drone  
  72  7:22  Drone x6  
  80  7:23  Queen  
  80  7:25  Overlord x2  
  80  7:29  Overseer, Spine Crawler  
  81  7:35  Drone  
  82  7:44  Extractor  
  82  7:50  Spire  
  80  7:53  Drone x3  
  80  7:54  Extractor  
  82  8:02  Hatchery  
  81  8:08  Evolution Chamber  
  81  8:10  Spore Crawler  
  77  8:28  Roach  
  77  8:29  Roach x6  
  90  8:41  Zerg Missile Weapons Level 1  
  90  8:57  Drone  
  90  8:58  Spore Crawler  
  90  9:01  Drone x2  
  90  9:02  Drone x2  
  94  9:03  Drone x4  
  94  9:07  Overlord x2  
  98  9:12  Zerg Flyer Weapons Level 1  
  98  9:15  Drone x3  
  98  9:16  Drone  
  102  9:22  Queen  
  104  9:27  Spore Crawler  
  104  9:30  Drone  
  104  9:32  Drone x2  
  104  9:33  Drone  
  104  9:34  Extractor  
  104  9:36  Drone  
  107  9:38  Drone  
  107  9:39  Drone x2, Extractor  
  109  9:49  Zergling x6  
  109  9:50  Zergling x6, Baneling Nest  
  114  9:53  Ravager x4  
  114  9:56  Overlord x2  
  114  9:57  Overlord  
  114  9:59  Overseer  
  118  10:00  Overseer  
  118  10:05  Drone x2  
  120  10:16  Zergling x2  
  120  10:17  Zergling x16  
  129  10:27  Zergling x2  
  129  10:28  Zergling x10  
  131  10:38  Baneling x2  
  131  10:39  Baneling x11  
  131  10:40  Baneling x3  
  129  10:46  Extractor x2  
  127  10:52  Overlord x2  
  127  10:55  Zergling x2  
  127  10:56  Zergling x20  
  138  11:01  Zerg Ground Armor Level 1  
  138  11:05  Hatchery, Overlord x3  
  119  11:35  Baneling Nest  
  117  11:47  Drone x2  
  117  11:48  Drone x2  
  117  11:51  Drone x2, Spore Crawler  
  117  11:52  Drone x4, Spore Crawler  
  117  11:53  Drone x4, Spore Crawler  
  128  12:14  Mutalisk  
  128  12:15  Mutalisk x6  
  140  12:29  Spore Crawler x2  
  138  12:30  Spore Crawler  
  138  12:36  Hatchery  
  136  12:38  Spore Crawler  
Show
View Real Time Build Order
Export as new Build Order

llllllllllll Terran - Winner!

Build Orders:  

Get SALT Encoding   

  12  0:04  SCV  
  13  0:18  SCV  
  14  0:21  Supply Depot  
  14  0:30  SCV  
  15  0:45  Barracks  
  15  0:48  Barracks  
  15  0:51  SCV  
  16  0:58  Refinery  
  16  1:03  SCV  
  17  1:15  SCV  
  18  1:26  Refinery  
  18  1:27  SCV  
  18  1:28  Supply Depot  
  18  1:32  Marine  
  20  1:35  Marine  
  20  1:39  SCV  
  22  1:52  Marine  
  22  1:54  Marine  
  24  1:58  Orbital Command  
  24  2:10  Marine  
  24  2:11  Marine  
  26  2:25  SCV  
  26  2:27  Factory  
  26  2:28  Marine  
  28  2:37  SCV, Barracks Reactor  
  29  3:10  SCV  
  29  3:11  Marine  
  25  3:21  Starport  
  25  3:22  Marine  
  25  3:23  Hellion x2  
  30  3:29  Supply Depot  
  30  3:31  Supply Depot  
  30  3:33  Armory  
  30  3:44  Hellion  
  31  3:51  Hellion  
  33  4:12  Barracks Reactor  
  33  4:14  SCV  
  34  4:18  Hellion x2  
  34  4:21  Medivac  
  34  4:22  Command Center  
  40  4:26  SCV  
  42  4:38  SCV  
  42  4:43  Marine  
  43  4:50  SCV  
  44  5:01  Marine  
  44  5:02  SCV  
  46  5:14  SCV  
  46  5:20  Barracks  
  47  5:21  Barracks  
  47  5:22  Barracks x2  
  47  5:34  SCV  
  46  5:56  SCV  
  43  5:57  Orbital Command  
  43  6:00  Barracks Tech Lab  
  45  6:05  Liberator x2  
  45  6:07  Barracks Reactor  
  45  6:08  SCV  
  48  6:20  SCV, Barracks Reactor  
  48  6:21  Barracks Tech Lab, Barracks Reactor x2  
  53  6:27  SCV  
  53  6:31  Marauder  
  53  6:32  SCV  
  57  6:39  Stimpack  
  53  6:41  Marine  
  53  6:45  Marine x2  
  56  6:47  SCV  
  56  6:52  Marine  
  58  6:58  Marine  
  58  6:59  Marauder, Marine  
  62  7:09  Marine  
  62  7:10  Marauder  
  62  7:13  Medivac  
  62  7:15  SCV  
  68  7:21  Marauder  
  70  7:27  Concussive Shells  
  70  7:48  Marine x3  
  70  7:49  Marauder x2  
  70  7:50  Command Center  
  77  8:01  Marine  
  78  8:09  Refinery  
  78  8:10  Engineering Bay  
  78  8:20  SCV, Medivac  
  78  8:29  Supply Depot  
  78  8:33  Combat Shield  
  78  8:34  Supply Depot  
  78  8:39  Engineering Bay  
  78  8:45  Marauder, SCV  
  78  8:51  Marauder, Marine x2, SCV, Medivac  
  85  8:56  Supply Depot  
  85  8:57  Supply Depot  
  85  9:06  Marine  
  85  9:07  Marauder  
  85  9:08  Supply Depot  
  88  9:13  Marauder, Terran Infantry Weapons Level 1  
  88  9:14  Terran Infantry Armor Level 1  
  90  9:25  Marine  
  90  9:28  Marauder  
  90  9:30  Marine x4  
  90  9:31  Supply Depot, Marine x3  
  99  9:34  Marauder  
  102  9:40  Armory  
  102  9:43  Refinery, Marine  
  103  9:47  Orbital Command  
  103  9:48  Marine x4  
  103  9:49  SCV  
  103  9:50  Marauder  
  103  9:52  SCV  
  111  9:55  Marauder  
  113  10:01  SCV  
  114  10:31  Marauder  
  114  10:32  Marauder, Marine x4  
  122  10:37  Ghost Academy  
  122  10:53  Marauder x2  
  126  11:02  Marine x4  
  130  11:14  Marauder  
  130  11:15  Marauder  
  107  11:35  Marauder  
  107  11:36  Marauder  
  107  11:37  Marine x4  
  107  11:39  Marine x3  
  111  11:40  SCV x3  
  111  11:46  Liberator  
  111  11:47  Liberator  
  117  11:50  Command Center  
  117  11:52  SCV x3  
  123  11:57  Marauder x2, Marine  
  128  12:04  SCV  
  129  12:18  Marauder  
  129  12:19  Marauder  
  133  12:23  Marine  
  133  12:26  Supply Depot  
  133  12:27  Supply Depot  
  133  12:28  Supply Depot  
  134  12:40  Marauder x2  
  134  12:56  Marine x2  
Tags
 
Matchup
TvZ
Replay Pack
Multiplayer
Spawn Locations
Cross Positions
Add a new tag
Caveats
  • Supply blocks, unpowered buildings, or Contaminate may cause inaccurate times.
  • Supply counts are checked every 10 seconds.